 Dungeon Crawl Stone Soup version 0.29.1-12-g30fa7ad0bf (webtiles) character file.

Game seed: 5154889388362022799

343299 LustLizard the Spry (level 21, -13/109 HPs)
             Began as a Spriggan Hunter on Dec 28, 2022.
             Was the Champion of Dithmenos.
             Killed from afar by a fire giant (43 damage)
             ... with a bolt of fire
             ... on level 1 of the Depths.
             The game lasted 01:59:04 (53434 turns).

LustLizard the Spry (Spriggan Hunter)              Turns: 53434, Time: 01:59:04

Health: -13/109    AC: 18    Str:  9    XL:     21   Next: 12%
Magic:  35/35      EV: 43    Int: 13    God:    Dithmenos [******]
Gold:   3745       SH:  5    Dex: 33    Spells: 17/20 levels left

rFire   . . .      SeeInvis +   a - +9 hand crossbow (freeze)
rCold   . . .      Faith    .   (no shield)
rNeg    . . .      Spirit   .   Q - +7 swamp dragon scales
rPois   +          Reflect  +   (helmet restricted)
rElec   .          Harm     .   J - +1 cloak {Stlth+}
rCorr   .          Rampage  .   (gloves unavailable)
Will    +++..                   (boots unavailable) Stlth *******+++
                                v - amulet of reflection
HPRegen 0.28/turn               Y - +4 ring of evasion
MPRegen 0.24/turn               S - +6 ring of dexterity

@: wreathed by umbra, studying Fighting, very quick
A: very small, no large weapons, unfitting armour, see invisible, speed 3, thin
skeletal structure 1
}: 2/15 runes: decaying, gossamer
a: Renounce Religion, Shadow Step, Shadow Form


You were on level 1 of the Depths.
You worshipped Dithmenos.
Dithmenos was exalted by your worship.
You visited 8 branches of the dungeon, and saw 36 of its levels.
You also visited: Gauntlet and Ice Cave.

You collected 4345 gold pieces.
You spent 600 gold pieces at shops.

Inventory:

Hand Weapons
 a - a +9 hand crossbow of freezing (weapon)
Armour
 B - a +3 buckler
 F - a +2 robe of cold resistance
 G - the +0 robe of Context {rElec Will+}
   (You found it on level 7 of the Dungeon)

   rElec:     It insulates you from electricity.
   Will:      It increases your willpower.
 J - a +1 cloak of stealth (worn)
 Q - +7 swamp dragon scales (worn)
Jewellery
 d - a ring of poison resistance
 m - an amulet of magic regeneration
 q - a ring of flight
 t - a ring of resist corrosion
 v - an amulet of reflection (around neck)
 H - an amulet of faith
 L - a ring of protection from fire
 O - the ring "Ryttiv" {Ice rN+ Int+3}
   (You found it in an ice cave)

   [ring of ice]

   It enhances your ice magic.
   Int:       It affects your intelligence (+3).
   rF:        It makes you vulnerable to fire.
   rC:        It protects you from cold.
   rN:        It protects you from negative energy.
 S - a +6 ring of dexterity (right hand)
 V - an amulet of guardian spirit
 Y - a +4 ring of evasion (left hand)
 Z - the ring "Konot" {Fire Contam rN+ Will+ Dex+2}
   (You found it in a Gauntlet)

   [ring of fire]

   It enhances your fire magic.
   Dex:       It affects your dexterity (+2).
   rF:        It protects you from fire.
   rC:        It makes you vulnerable to cold.
   rN:        It protects you from negative energy.
   Contam:    It causes magical contamination when unequipped.
   Will:      It increases your willpower.
Wands
 c - a wand of paralysis (54)
 x - a wand of digging (7)
 I - a wand of iceblast (33)
 K - a wand of mindburst (17)
 M - a wand of flame (69)
 N - a wand of polymorph (17)
 U - a wand of acid (18)
Scrolls
 b - 11 scrolls of immolation
 e - 5 scrolls of blinking
 f - 5 scrolls of poison
 i - 2 scrolls of magic mapping
 j - 3 scrolls of fear
 l - 15 scrolls of teleportation
 w - 3 scrolls of butterflies
 y - 3 scrolls of brand weapon
 E - a scroll of enchant weapon
 P - 2 scrolls of torment
Potions
 g - 11 potions of lignification
 h - 16 potions of curing
 n - 7 potions of magic
 o - 5 potions of invisibility
 r - 5 potions of heal wounds
 s - 6 potions of cancellation
 u - 8 potions of brilliance
 z - 6 potions of mutation
 A - 9 potions of haste
 C - 9 potions of might
 D - a potion of berserk rage
 T - 2 potions of resistance
 W - 6 potions of ambrosia
 X - 3 potions of flight
Miscellaneous
 k - a lightning rod (4/4)
 p - a phantom mirror
 R - a box of beasts


   Skills:
 + Level 11.4 Fighting
 - Level 18.9 Ranged Weapons
 - Level 8.2 Armour
 - Level 20.0 Dodging
 - Level 16.4 Stealth
 * Level 11.5 Shields
 * Level 18.6 Invocations
 + Level 5.1 Evocations


You had 17 spell levels left.
You knew the following spells:

 Your Spells              Type           Power      Damage    Failure   Level
a - Portal Projectile     Hex/Tloc       0%         N/A       91%         3

Your spell library contained the following spells:

 Spells                   Type           Power      Damage    Failure   Level
 Apportation              Tloc           0%         N/A       58%         1
 Foxfire                  Conj/Fire      0%         2x1d4     58%         1
 Magic Dart               Conj           0%         1d3       58%         1
 Necrotise                Necr           0%         1d4       58%         1
 Sting                    Tmut/Pois      0%         1d3       58%         1
 Summon Small Mammal      Summ           0%         N/A       58%         1
 Poisonous Vapours        Pois/Air       0%         N/A       73%         2
 Searing Ray              Conj           0%         2d4       73%         2
 Static Discharge         Conj/Air       0%         3-3/arc   73%         2
 Conjure Flame            Conj/Fire      0%         6-21      91%         3
 Gell's Gravitas          Tloc           0%         N/A       91%         3
 Inner Flame              Hex/Fire       0%         N/A       91%         3
 Lesser Beckoning         Tloc           0%         N/A       91%         3
 Teleport Other           Tloc           0%         N/A       91%         3
 Tukima's Dance           Hex            0%         N/A       91%         3
 Animate Armour           Summ/Erth      0%         N/A       100%        4
 Corpse Rot               Necr/Pois/Air  0%         N/A       100%        4
 Flame Wave               Conj/Fire      0%         2d4       100%        4
 Fulminant Prism          Conj/Hex       0%         3d6       100%        4
 Iskenderun's Mystic Bla  Conj/Tloc      0%         2d3       100%        4
 Olgreb's Toxic Radiance  Pois           0%         N/A       100%        4
 Alistair's Intoxication  Tmut/Pois      0%         N/A       100%        5
 Blade Hands              Tmut           0%         N/A       100%        5
 Fireball                 Conj/Fire      0%         3d3       100%        5
 Irradiate                Conj/Tmut      0%         3d11      100%        5
 Iskenderun's Battlesphe  Conj           0%         2d6       100%        5
 Lee's Rapid Deconstruct  Erth           0%         3d5*      100%        5
 Lightning Bolt           Conj/Air       0%         1d11      100%        5
 Conjure Ball Lightning   Conj/Air       0%         3x3d6     100%        6
 Iron Shot                Conj/Erth      0%         9d1       100%        6
 Dragon Form              Tmut           0%         N/A       100%        7
 Orb of Destruction       Conj           0%         9d5       100%        7
 Spellforged Servitor     Conj/Summ      0%         N/A       100%        7
 Discord                  Hex            0%         N/A       100%        8
 Disjunction              Tloc           0%         N/A       100%        8
 Maxwell's Capacitive Co  Air            0%         ∞         100%        8


Dungeon Overview and Level Annotations

Branches:
Dungeon (15/15)            Temple (1/1) D:5            Lair (5/5) D:8
  Swamp (4/4) Lair:2       Spider (4/4) Lair:3        Slime (0/5) Lair:4
    Orc (2/2) D:11            Elf (0/3) Orc:2        Vaults (4/5) D:13
  Crypt (0/3) Vaults:3     Depths (1/4) D:15          IceCv (visited)
Gauntlet (visited)

Altars:
Ashenzari
Dithmenos
Elyvilon
Hepliaklqana
Kikubaaqudgha
Makhleb
Qazlal
Sif Muna
Uskayaw
Vehumet
Wu Jian
Xom
Yredelemnul
The Shining One

Shops:
D:13 *   Orc:1 :   Orc:2 ![[*=

Portals:
Hell: Depths:1
Abyss: Depths:1
Pandemonium: Depths:1
Ziggurat: Depths:1

Annotations:
Swamp:1 2 transporters, Midpoint's ghost, journeyman HOAK
Spider:3 Bai Suzhen
Vaults:2 exclusion: door, Mennas
Vaults:3 exclusion: door, Jory


Innate Abilities, Weirdness & Mutations

You are very small and have problems with some larger weapons.
You are too small for most types of armour.
You have supernaturally acute eyesight. (SInv)
You cover ground extremely quickly. (Speed+++)
You have a somewhat thin skeletal structure. (Dex +2, Stealth+)


Message History

The bolt freezes the fire giant.
The fire giant is severely wounded.
Your shadow shoots a bolt.
The bolt hits the fire giant but does no damage.
You hear a shout!
The fire giant casts a spell at you. The bolt of fire misses you.
You shoot a bolt. The bolt hits the fire giant.
The bolt freezes the fire giant.
The fire giant is severely wounded.
The fire giant gestures at you while chanting.
The fireball explodes!
The fireball engulfs you!!!
You emit a cloud of dark smoke.
You hear a shout! x3
You shoot a bolt. The bolt barely misses the fire giant.
Fire: a) +9 hand crossbow (freeze)
Press: ? - help, Q - select action, (/) - cycle Shift-Dir - straight line, f - you
Okay, then.
A fire giant is nearby!
Fire: a) +9 hand crossbow (freeze)
Press: ? - help, Q - select action, (/) - cycle Shift-Dir - straight line, f/p - fire giant
Aim: a fire giant, wielding a +1 great sword of flaming (severely wounded, umbra, 90% to hit)
You shoot a bolt. The bolt hits the fire giant.
The bolt freezes the fire giant.
The fire giant is severely wounded.
You shoot a bolt. The bolt barely misses the fire giant.
Your shadow shoots a bolt.
The bolt hits the fire giant!
The fire giant points at you and mumbles some strange words.
The fireball explodes!
The fireball engulfs you!!
* * * LOW HITPOINT WARNING * * *
You emit a cloud of dark smoke.
Fire: a) +9 hand crossbow (freeze)
Press: ? - help, Q - select action, (/) - cycle Shift-Dir - straight line, f/p - fire giant
Aim: a fire giant, wielding a +1 great sword of flaming (black smoke, severely wounded, umbra, 90% to hit)
You shoot a bolt. The bolt hits the fire giant.
The bolt freezes the fire giant.
The fire giant is almost dead.
The fire giant casts a spell at you. The bolt of fire hits you!!!
You die...

.......≈...≈.....≈...≈.#
....≈....#....≈....#...#
.......≈§..≈.....§...≈.#
...#.#..§.)..#.#.......#
........#.#.......#.#..#
..≈...≈.....§...≈..(...#
>..}#....≈....#§§..≈...#
#.≈...≈.....≈.§§§§§....##
#.......#§#...§§@§#.#...#
##.#.#.......#.#§§C.....#
#.....≈..§§...§.§§..≈..#
##.≈....#§.§§≈§§§.#....#
#....≈..§§§....≈...##.#
##.#...#...#.#........#
####...#####.....####.###
.................... .#
...............#####


You could see a fire giant.

Vanquished Creatures
  Mara (Spider:4)
  A caustic shrike (Depths:1)
  Nikola (Swamp:4)
  Arachne (Spider:3)
  A golden dragon (Depths:1)
  A tentacled monstrosity (Depths:1)
  A titan (Depths:1)
  Frances (D:13)
  A quicksilver dragon (Depths:1)
  An ancient champion (Vaults:3)
  A storm dragon (Depths:1)
  7 sphinxes
  Kirke (Lair:4)
  2 thorn hunters (Swamp:1)
  A tengu reaver (Vaults:3)
  Donald (Spider:4)
  3 azure jellies
  A fire giant (Depths:1)
  A rockslime (IceCv)
  A fenstrider witch (Swamp:4)
  4 emperor scorpions
  3 frost giants (Depths:1)
  4 ghost moths
  9 vault wardens
  Louise (Swamp:2)
  2 orc warlords
  8 stone giants
  3 broodmothers
  4 quicksilver oozes (IceCv)
  12 ironbound preservers
  4 very ugly things
  7 ironbound thunderhulks
  A vampire knight (Depths:1)
  Nessos (Lair:4)
  4 eleionomae
  2 bunyips
  5 entropy weavers
  7 dire elephants
  5 spark wasps
  A minotaur (Gauntlet)
  4 ettins (Depths:1)
  A crystal guardian (Vaults:1)
  Snorg (D:11)
  A deep elf death mage (Vaults:3)
  2 fire dragons
  9 yaktaur captains
  3 great orbs of eyes
  9 vault guards
  7 ice dragons
  9 ironbound frosthearts
  7 boulder beetles
  16 hydras
  2 ghost crabs
  A peacekeeper (Vaults:1)
  Erica (D:8)
  3 two-headed ogres
  16 death yaks
  4 radroaches
  5 deep troll earth magi (Depths:1)
  11 centaur warriors
  3 deep troll shamans (Depths:1)
  7 alligators
  A tengu warrior (Depths:1)
  A vampire mage (Vaults:3)
  Urug (D:11)
  4 iron trolls (Depths:1)
  A soul eater (Vaults:3)
  7 skeletal warriors
  A sun moth (Spider:2)
  7 pharaoh ants
  A sixfirhy (Gauntlet)
  5 steelbarb worms
  6 goliath frogs
  2 flayed ghosts
  2 death drakes (Depths:1)
  33 deep trolls
  3 spriggan druids
  7 swamp dragons
  3 orange crystal statues (IceCv)
  9 orc knights
  4 bog bodies
  6 orb spiders
  10 lindwurms
  10 ironbound convokers
  A deep elf pyromancer (D:12)
  20 wolf spiders
  2 necromancers
  13 wizards
  36 ugly things
  2 orc sorcerers (Orc:2)
  6 cyclopes
  A salamander (Depths:1)
  6 manticores
  A human zombie (Vaults:4)
  A stone giant zombie (D:15)
  A will-o-the-wisp (Swamp:2)
  A fire giant skeleton (D:15)
  A frost giant skeleton (D:15)
  Joseph (D:9)
  5 moths of wrath
  Maurice (D:8)
  A human skeleton (Vaults:4)
  7 black mambas
  10 vault sentinels
  3 molten gargoyles (Lair:5)
  2 torpor snails
  2 gargoyles
  4 rime drakes
  Maggie (D:6)
  7 cane toads
  4 unseen horrors
  A yaktaur zombie (Vaults:4)
  13 komodo dragons
  4 demonic crawlers
  A yaktaur (shapeshifter) (Depths:1)
  11 yaktaurs
  An efreet (D:15)
  2 ice devils (Gauntlet)
  A kobold demonologist (D:9)
  4 freezing wraiths (Swamp:4)
  A guardian mummy (D:15)
  A meliai (Spider:4)
  A meliai (shapeshifter) (D:15)
  9 trolls
  3 bloated husks
  3 polar bears (Lair:2)
  3 hornets
  22 tarantellas
  Prince Ribbit (D:6)
  52 slime creatures
  13 tyrant leeches
  26 blink frogs
  4 large abominations (Depths:1)
  5 dream sheep (Lair:3)
  2 shadows
  2 spriggans (Swamp:2)
  Sigmund (D:4)
  A culicivora (shapeshifter) (D:14)
  A vampire (D:10)
  14 culicivoras
  29 jumping spiders
  4 wraiths
  5 wyverns
  A water elemental (Depths:1)
  36 yaks
  4 hogs (Lair:4)
  10 basilisks
  9 vampire mosquitoes
  A chaos spawn (Depths:1)
  3 steam dragons
  2 swamp worm simulacra (Swamp:4)
  34 redbacks
  7 wargs
  A glowing shapeshifter zombie (D:15)
  8 small abominations (Depths:1)
  16 swamp worms
  15 water moccasins
  4 acid dragons
  17 hydra simulacra (Swamp:4)
  3 hell hounds (Lair:5)
  A glowing shapeshifter skeleton (Vaults:4)
  2 swamp drakes
  2 black bears
  42 orc warriors
  A sky beast (D:8)
  3 ice beasts
  2 great orb of eyes simulacra (IceCv)
  13 wolves
  7 ogres
  11 centaurs
  A phantom (D:6)
  3 slime creature simulacra (IceCv)
  Blork the orc (D:4)
  4 kobold brigands
  A scorpion (shapeshifter) (D:13)
  8 bullfrogs
  5 gnoll sergeants
  2 scorpions
  7 glowing shapeshifter simulacra (IceCv)
  3 killer bees (D:7)
  A howler monkey (D:6)
  An electric eel (D:10)
  4 lava snakes (Lair:5)
  6 jellies
  14 orc priests
  4 hounds
  3 gnoll boudas
  6 iguanas
  22 orc wizards
  38 gnolls
  8 adders
  6 swamp drake simulacra (Swamp:4)
  4 ufetubi (Gauntlet)
  5 worms
  2 dart slugs
  71 orcs
  4 ball pythons
  4 bats
  7 endoplasms
  5 giant cockroaches
  11 goblins
  7 hobgoblins
  10 jackals
  23 kobolds
  A quokka (D:1)
  7 rats
1307 creatures vanquished.

Vanquished Creatures (others)
  Asterion (Vaults:2)
  A hell hound (Lair:5)
  A white imp (Gauntlet)
  A kobold (D:6)
  48 fungi
  35 plants
  10 withered plants
97 creatures vanquished.

Grand Total: 1404 creatures vanquished

Notes
Turn   | Place    | Note
-------+----------+-------------------------------------------
     0 | D:1      | LustLizard the Spriggan Hunter began the quest for the Orb.
     0 | D:1      | Reached XP level 1. HP: 10/10 MP: 2/2
   124 | D:1      | Reached XP level 2. HP: 14/14 MP: 3/3
   556 | D:2      | Reached XP level 3. HP: 18/18 MP: 4/4
  1032 | D:2      | Reached skill level 5 in Ranged Weapons
  1075 | D:2      | Found a glowing golden altar of the Shining One.
  1105 | D:2      | Reached XP level 4. HP: 19/22 MP: 5/5
  1485 | D:3      | You are sucked into a shaft and drop 2 floors!
  1485 | D:5      | Entered Level 5 of the Dungeon
  1488 | D:5      | Noticed an ice beast
  1716 | D:4      | Noticed Sigmund
  1730 | D:5      | Reached XP level 5. HP: 25/25 MP: 6/6
  1787 | D:5      | Reached skill level 5 in Stealth
  1963 | D:5      | Found a staircase to the Ecumenical Temple.
  2026 | Temple   | Entered the Ecumenical Temple
  2041 | Temple   | Became a worshipper of Dithmenos the Shadowed
  2094 | D:4      | Noticed an ogre
  2126 | D:4      | Killed an ogre
  2127 | D:4      | Reached XP level 6. HP: 16/30 MP: 7/7
  2591 | D:3      | Reached * piety under Dithmenos
  2901 | D:3      | Found a faded altar of an unknown god.
  3607 | D:3      | Reached XP level 7. HP: 26/33 MP: 8/8
  3806 | D:4      | Noticed Blork the orc
  3941 | D:4      | Killed Blork the orc
  4752 | D:4      | Killed Sigmund
  4883 | D:5      | Reached XP level 8. HP: 23/37 MP: 9/9
  5087 | D:5      | Identified the +0 ring mail of Cyid Ruc {rN+++ Str+5 Dex-5}
  5272 | D:6      | Reached skill level 3 in Dodging
  5298 | D:6      | Noticed Prince Ribbit
  5680 | D:6      | Reached ** piety under Dithmenos
  5681 | D:6      | Reached skill level 4 in Dodging
  6003 | D:6      | Reached skill level 5 in Dodging
  6028 | D:6      | Noticed Maggie
  6544 | D:6      | Killed Prince Ribbit
  6545 | D:6      | Reached skill level 6 in Dodging
  6708 | D:7      | Reached XP level 9. HP: 43/43 MP: 10/10
  6778 | D:7      | Identified the +0 robe of Context {rElec Will+}
  7012 | D:7      | Reached skill level 10 in Ranged Weapons
  7438 | D:7      | Reached skill level 7 in Dodging
  7447 | D:7      | Reached *** piety under Dithmenos
  7951 | D:7      | Found the +5 sword of Power {vorpal}
  8027 | D:8      | Found a large runed translucent door.
  8028 | D:8      | Found a large runed translucent door.
  8116 | D:8      | Noticed a death yak
  8208 | D:8      | Identified the +3 dagger "Ogreslayer" {vorpal, rF+ rC+
                  | rCorr Int-4}
  8244 | D:8      | Noticed a death yak
  8296 | D:8      | Noticed Maurice
  8316 | D:8      | Killed Maurice
  8317 | D:8      | Reached skill level 8 in Dodging
  8435 | D:8      | Noticed Erica
  9135 | D:9      | Noticed Joseph
  9150 | D:9      | Killed Joseph
  9151 | D:9      | Reached skill level 9 in Dodging
  9430 | D:9      | Reached XP level 10. HP: 27/50 MP: 11/11
  9846 | D:9      | Found a hide-covered altar of Uskayaw.
 10056 | D:9      | Noticed a sun demon
 10874 | D:10     | Entered Level 10 of the Dungeon
 10920 | D:10     | Reached skill level 10 in Dodging
 11062 | D:10     | Reached **** piety under Dithmenos
 11100 | D:10     | Identified the +1 leather armour of Atheism {Dex+4}
 11219 | D:10     | Noticed a two-headed ogre
 11243 | D:10     | Killed a two-headed ogre
 11294 | D:10     | Reached skill level 5 in Fighting
 11309 | D:10     | Reached skill level 11 in Dodging
 11655 | D:10     | Noticed a two-headed ogre
 11663 | D:10     | Killed a two-headed ogre
 11822 | D:11     | Noticed a cyclops
 11824 | D:11     | Killed a cyclops
 11934 | D:11     | Reached XP level 11. HP: 56/56 MP: 12/12
 11947 | D:11     | Found a staircase to the Orcish Mines.
 11977 | D:11     | Noticed Urug
 12007 | D:11     | Reached skill level 12 in Dodging
 12039 | D:11     | Noticed Snorg
 12111 | D:11     | Killed Snorg
 13012 | D:6      | Killed Maggie
 13148 | D:7      | Reached skill level 13 in Dodging
 13296 | D:8      | Noticed a death yak
 13309 | D:8      | Killed a death yak
 13312 | D:8      | Noticed a death yak
 13314 | D:8      | Noticed a death yak
 13368 | D:8      | Killed a death yak
 13624 | D:8      | Found a staircase to the Lair.
 13741 | D:8      | Killed a death yak
 13770 | D:8      | Killed a death yak
 13771 | D:8      | Reached skill level 14 in Dodging
 14194 | D:8      | Killed Erica
 14231 | D:8      | Found a stormy altar of Qazlal.
 14245 | D:8      | Found a burning altar of Makhleb.
 14307 | D:8      | Killed a death yak
 14384 | Lair:1   | Entered Level 1 of the Lair of Beasts
 14464 | Lair:1   | Reached XP level 12. HP: 61/61 MP: 13/13
 14827 | Lair:1   | Reached ***** piety under Dithmenos
 14925 | Lair:1   | Reached skill level 15 in Dodging
 15656 | Lair:2   | Noticed a death yak
 15658 | Lair:2   | Noticed a death yak
 15940 | Lair:2   | Identified the +0 chain mail of Bad Feelings {rElec Dex+2}
 16038 | Lair:2   | Noticed a seven-headed hydra
 16041 | Lair:2   | Killed a seven-headed hydra
 16150 | Lair:2   | Reached skill level 15 in Ranged Weapons
 16150 | Lair:2   | Reached skill level 16 in Dodging
 16237 | Lair:2   | Killed a death yak
 16246 | Lair:2   | Killed a death yak
 16390 | Lair:2   | Noticed an eight-headed hydra
 16396 | Lair:2   | Killed an eight-headed hydra
 16597 | Lair:2   | Found a staircase to the Swamp.
 16934 | Lair:3   | Reached skill level 17 in Dodging
 17007 | Lair:3   | Found a hole to the Spider Nest.
 17192 | Lair:3   | Reached XP level 13. HP: 65/65 MP: 14/14
 18384 | Lair:4   | Noticed Nessos
 18483 | Lair:4   | Reached skill level 1 in Invocations
 18607 | Lair:4   | Noticed Kirke
 18623 | Lair:4   | Killed Kirke
 18723 | Lair:4   | Reached skill level 18 in Dodging
 18989 | Lair:4   | Found a staircase to the Slime Pits.
 19577 | Lair:5   | Entered Level 5 of the Lair of Beasts
 19772 | Lair:5   | Reached ****** piety under Dithmenos
 20162 | Lair:5   | Reached XP level 14. HP: 58/70 MP: 18/18
 20331 | Lair:5   | Reached skill level 5 in Invocations
 20765 | Lair:5   | Reached skill level 19 in Dodging
 21283 | Lair:5   | Found a large runed translucent door.
 21283 | Lair:5   | Found a large runed translucent door.
 22015 | Lair:5   | Identified the +10 scale mail "Zummock" {rN+}
 22016 | Lair:5   | Identified the +8 ring mail of the Gusle {rPois rC+ SInv}
 22144 | Lair:4   | Killed Nessos
 22293 | Orc:1    | Entered Level 1 of the Orcish Mines
 22443 | Orc:1    | Found a radiant altar of Vehumet.
 22696 | Orc:2    | Entered Level 2 of the Orcish Mines
 22848 | Orc:2    | Found a staircase to the Elven Halls.
 22857 | Orc:2    | Found a gate leading to a gauntlet.
 23039 | Gauntlet | Entered a Gauntlet
 23039 | Gauntlet | Found a transporter.
 23039 | Gauntlet | Found a transporter.
 23181 | Gauntlet | Found a transporter.
 23197 | Gauntlet | Found a transporter.
 23218 | Gauntlet | Found a transporter.
 23225 | Gauntlet | Found a transporter.
 23243 | Gauntlet | Found a transporter.
 23326 | Gauntlet | Found a transporter.
 23337 | Gauntlet | Found a transporter.
 23339 | Gauntlet | Found a large runed translucent door.
 23339 | Gauntlet | Found a large runed translucent door.
 23340 | Gauntlet | Found a large runed translucent door.
 23340 | Gauntlet | Found a large runed translucent door.
 23341 | Gauntlet | Found a large runed translucent door.
 23341 | Gauntlet | Found a large runed translucent door.
 23341 | Gauntlet | Found a runed translucent door.
 23341 | Gauntlet | Found a runed translucent door.
 23341 | Gauntlet | Found a large runed translucent door.
 23341 | Gauntlet | Found a large runed translucent door.
 23342 | Gauntlet | Found a large runed translucent door.
 23342 | Gauntlet | Found a large runed translucent door.
 23347 | Gauntlet | Found a large runed translucent door.
 23347 | Gauntlet | Found a large runed translucent door.
 23348 | Gauntlet | Found a large runed translucent door.
 23348 | Gauntlet | Found a large runed translucent door.
 23348 | Gauntlet | Found a large runed translucent door.
 23351 | Gauntlet | Found a runed translucent gate.
 23351 | Gauntlet | Found a runed translucent gate.
 23351 | Gauntlet | Found a runed translucent gate.
 23353 | Gauntlet | Found a transporter.
 23364 | Gauntlet | Found a large runed translucent door.
 23366 | Gauntlet | Found a transporter.
 23383 | Gauntlet | Found a transporter.
 23477 | Gauntlet | Found a transporter.
 23803 | Gauntlet | Found a transporter.
 23831 | Gauntlet | Identified the ring "Konot" {Fire Contam rN+ Will+ Dex+2}
 24311 | Orc:2    | Found Noig's Antique Armour Shop.
 24341 | Orc:2    | Found Lanlosed's Distillery.
 24476 | Orc:2    | Bought 2 potions of resistance for 200 gold pieces
 24506 | Orc:2    | Found Atedoxi's Antique Armour Shop.
 24596 | Orc:2    | Noticed an orc warlord
 24613 | Orc:2    | Killed an orc warlord
 24795 | Orc:2    | Found Jasaceach's Assorted Antiques.
 24850 | Orc:2    | Bought a scroll labelled ZOCVAMM ATOXYU for 20 gold pieces
 24850 | Orc:2    | Bought a scroll of identify for 40 gold pieces
 24850 | Orc:2    | Bought a scroll labelled LUUKLUUWEA for 20 gold pieces
 24862 | Orc:2    | Found Esaodimi's Jewellery Shop.
 25070 | Orc:2    | Bought a potion of cancellation for 80 gold pieces
 25070 | Orc:2    | Bought a potion of invisibility for 80 gold pieces
 25102 | Orc:2    | Bought a steaming shortbow for 160 gold pieces
 25102 | Orc:2    | Identified the +1 shortbow of Reapportionment {flame,
                  | Str+3} (You bought it in a shop on level 2 of the Orcish
                  | Mines)
 25165 | D:11     | Killed Urug
 25538 | D:12     | Reached XP level 15. HP: 64/73 MP: 21/21
 25669 | D:12     | Reached skill level 20 in Dodging
 26059 | D:12     | Reached skill level 1 in Armour
 26551 | D:13     | Found a gate to the Vaults.
 26619 | D:13     | Reached skill level 10 in Stealth
 26921 | D:13     | Found Geathos's Elemental Accessories.
 27099 | D:13     | Noticed Frances
 27853 | D:13     | Identified a scroll of acquirement
 27854 | D:13     | Acquired a +6 hand crossbow of freezing
 28435 | D:15     | Entered Level 15 of the Dungeon
 29199 | D:15     | Found a staircase to the Depths.
 29254 | D:15     | Reached skill level 10 in Invocations
 29715 | D:13     | Killed Frances
 30229 | Swamp:1  | Entered Level 1 of the Swamp
 30293 | Swamp:1  | Found a transporter.
 30334 | Swamp:1  | Found a transporter.
 30391 | Swamp:1  | Reached skill level 5 in Armour
 30391 | Swamp:1  | Reached XP level 16. HP: 77/77 MP: 24/24
 30401 | Swamp:1  | Noticed a thorn hunter
 30406 | Swamp:1  | Killed a thorn hunter
 30610 | Swamp:1  | Noticed a thorn hunter
 30616 | Swamp:1  | Killed a thorn hunter
 31021 | Swamp:1  | Noticed Midpoint's ghost (journeyman HOAK)
 31407 | Swamp:2  | Noticed Louise
 32009 | Swamp:3  | Reached skill level 15 in Stealth
 32658 | Orc:1    | Found Ylad's Book Shop.
 33081 | Swamp:4  | Entered Level 4 of the Swamp
 33081 | Swamp:4  | Noticed Nikola
 34067 | Swamp:4  | Got a decaying rune of Zot
 34459 | Swamp:4  | Killed Nikola
 34535 | Swamp:2  | Killed Louise
 34542 | Swamp:2  | Reached XP level 17. HP: 81/81 MP: 27/27
 34746 | Spider:1 | Entered Level 1 of the Spider Nest
 34840 | Spider:1 | Reached skill level 1 in Shields
 35036 | Spider:1 | Reached XP level 18. HP: 86/86 MP: 28/28
 35493 | Spider:1 | Identified the +8 flail "Ero Egru" {freeze, rPois rC+ SInv}
 35556 | Spider:1 | Learned a level 3 spell: Portal Projectile
 35637 | Spider:2 | Found a frozen archway.
 35725 | IceCv    | Entered an ice cave
 36525 | IceCv    | Found a viscous altar of Jiyva.
 36607 | IceCv    | Got the ring "Ryttiv" {Ice rN+ Int+3}
 36786 | IceCv    | Identified the +1 spear "Fizu" {elec, *Noise *Corrode rF+
                  | Str+8}
 38016 | Spider:3 | Reached skill level 5 in Shields
 38040 | Spider:3 | Noticed Arachne
 38160 | Spider:3 | Acquired 1050 gold pieces
 38306 | Spider:3 | Killed Arachne
 38623 | Spider:3 | Noticed Bai Suzhen
 39424 | Spider:4 | Entered Level 4 of the Spider Nest
 40009 | Spider:4 | Noticed Mara
 40083 | Spider:4 | Killed Mara
 40172 | Spider:4 | Identified the +2 chain mail of Wekufor {Will- Regen+ Int+2
                  | SInv}
 41066 | Spider:4 | Reached XP level 19. HP: 93/93 MP: 1/31
 41156 | Spider:4 | Noticed Donald
 41167 | Spider:4 | Killed Donald
 41241 | Spider:4 | Got a gossamer rune of Zot
 41249 | Spider:4 | Identified the +2 pair of boots of Vanity {+Inv rPois rC-
                  | Int-4}
 41275 | Spider:4 | Gained mutation: You are occasionally teleported next to
                  | monsters. [potion of mutation]
 41275 | Spider:4 | Gained mutation: You have a pair of small horns on your
                  | head. [potion of mutation]
 41275 | Spider:4 | Gained mutation: You expend magic power (3 MP) to
                  | strengthen your wands. [potion of mutation]
 41276 | Spider:4 | Lost mutation: You have a pair of small horns on your head.
                  | [potion of mutation]
 41276 | Spider:4 | Lost mutation: You expend magic power (3 MP) to strengthen
                  | your wands. [potion of mutation]
 41276 | Spider:4 | Gained mutation: You have large cloven feet. [potion of
                  | mutation]
 41277 | Spider:4 | Lost mutation: You have large cloven feet. [potion of
                  | mutation]
 41277 | Spider:4 | Lost mutation: You are occasionally teleported next to
                  | monsters. [potion of mutation]
 41277 | Spider:4 | Gained mutation: You have a somewhat thin skeletal
                  | structure. (Dex +2, Stealth+) [potion of mutation]
 41675 | Vaults:1 | Entered Level 1 of the Vaults
 41766 | Vaults:1 | Reached skill level 15 in Invocations
 43617 | Vaults:2 | You fall into a shaft and drop 1 floor!
 43618 | Vaults:3 | Noticed Jory
 44308 | Vaults:2 | Noticed Asterion
 44310 | Vaults:2 | Noticed Mennas
 44400 | Vaults:2 | Killed Asterion
 45116 | Vaults:3 | Found a staircase to the Crypt.
 46296 | Vaults:3 | Reached XP level 20. HP: 87/100 MP: 33/33
 47978 | Vaults:3 | Reached skill level 10 in Shields
 48734 | Vaults:4 | Reached skill level 10 in Fighting
 49992 | Depths:1 | Entered Level 1 of the Depths
 50019 | Depths:1 | Reached skill level 1 in Evocations
 50103 | Depths:1 | Noticed a caustic shrike
 50112 | Depths:1 | Killed a caustic shrike
 50799 | Depths:1 | Found a one-way gate to the infinite horrors of the Abyss.
 51155 | Depths:1 | Found an ornate altar of the Wu Jian Council.
 51176 | Depths:1 | Found a one-way gateway to a ziggurat.
 51501 | Depths:1 | Noticed a golden dragon
 51961 | Depths:1 | Found a gateway to Hell.
 52317 | Depths:1 | Found a one-way gate leading to the halls of Pandemonium.
 52332 | Depths:1 | Killed a golden dragon
 52502 | Depths:1 | Reached XP level 21. HP: 55/109 MP: 35/35
 53091 | Depths:1 | Reached skill level 5 in Evocations
 53434 | Depths:1 | Killed from afar by a fire giant

Illustrated notes

Levels and vault maps discovered:
D:1:      kennysheep_arrival_forest, layout_basic, columned_hall_lemuel
D:2:      layout_basic, basic_altar
D:3:      layout_loops_ring, cheibrodos_sewer_entry_bend,
          dreamdust_ecumenical_altar_angels_and_demons
D:4:      layout_loops_cross, uniq_blork_the_orc, uniq_sigmund
D:5:      layout_rooms, minmay_temple_entry_statues, mrwooster_statue_mirror
D:6:      layout_basic, uniq_prince_ribbit1, uniq_maggie
D:7:      corexii_shack_village, layout_gridville
D:8:      layout_basic, jmf_multi_god_temple2, dpeg_lair_monsters, uniq_maurice,
          uniq_erica
D:9:      layout_rooms, nicolae_uskayaw_murder_on_the_dancefloor,
          grunt_decor_arrowhead, uniq_joseph
D:10:     layout_cave_pools, reono_crystal_passage, nrook_uturn,
          dreamdust_princess_bridge, nrook_pool_corridor, minmay_holes,
          minmay_misc_feat_encased
D:11:     layout_layer_cave, orc_0_dummy, uniq_snorg, uniq_urug
D:12:     layout_loops_ring
D:13:     layout_basic, lightli_vaults_fourway_checkpoint,
          nicolae_elemental_shop, uniq_frances
D:14:     layout_cross, kennysheep_crisscross
D:15:     gammafunk_depths_entry_grave, layout_cave_pools, nicolae_water_bricks
Temple:   nicolae_temple_bog_church
Lair:1:   layout_hall_layers, minivault_26, chequers_serial_rivers_micro_b,
          eino_small_chamber_without_monster, nicolae_lair_run_with_the_wolves
Lair:2:   layout_hall_layers, minmay_swamp_entry_worms, lemuel_fruit_fields
Lair:3:   layout_layer_cave, dummy_spider_entry, hibernation_bobbens
Lair:4:   layout_small_grid, nicolae_slime_entry_slimehenge,
          beast_lair_carwin_2, uniq_nessos, uniq_kirke
Lair:5:   cheibrodos_lair_end_hotspot, layout_loops_ring, minivault_27
Swamp:1:  layout_basic_swamp, gammafunk_ghost_mausoleum, serial_swamp_ruin,
          evilmike_swamp_ruin_house_2, evilmike_swamp_ruin_house_3
Swamp:2:  layout_basic_swamp, nicolae_swamp_oxbows, hangedman_swamp_lotus,
          uniq_louise
Swamp:3:  layout_falls_marsh, evilmike_swamp_ruin_house_5
Swamp:4:  swamp_icy, layout_basic_swamp, uniq_nikola
Spider:1: nicolae_spider_hall_of_the_moth_king, nicolae_spider_webs_and_nodes
Spider:2: layout_chambers, portal_ice_cave_entry_pillars_2, drop_trap
Spider:3: layout_spider_delve, nicolae_spider_cling_halls,
          hangedman_spider_tarantella_strand, uniq_bai_suzhen, uniq_arachne
Spider:4: grunt_spider_rune_parallel, nicolae_spider_checkerboard, uniq_donald,
          uniq_mara
Orc:1:    layout_diamond_mine, serial_shops, shop, basic_altar
Orc:2:    st_orc_town, layout_caves, serial_shops, nicolae_diamond_shop,
          gauntlet_entry_generic
Vaults:1: hangedman_vaults_snaps, nicolae_vaults_circle_grid_a, v_misc_3,
          ontoclasm_vaults_bender, vaults_mumra_lcd,
          hangedman_vaults_stretched_pinwheel, nicolae_vaults_yaktaur_gun_rack,
          ontoclasm_vaults_chip, nicolae_vaults_network_barrier,
          ontoclasm_vaults_tryst, dpeg_vaults_monster_row,
          vaults_room_door_ring, grunt_vaults_bifocal, layout_vaults_maze_bifur
Vaults:2: hangedman_vaults_nodes, hangedman_vaults_slither, v_misc_9,
          hangedman_vaults_restitches, grunt_tower_of_power,
          nicolae_vaults_network_square, vaults_dpeg_hooks, v_misc_26,
          v_misc_16, vaults_room_pool, ontoclasm_vaults_loading_screen,
          ontoclasm_vaults_ring_large, layout_vaults_omnibox, uniq_mennas,
          uniq_asterion
Vaults:3: nicolae_vaults_minivaults, nicolae_vaults_rhombus_7,
          vaults_dpeg_spiral, ontoclasm_vaults_shuriken, grunt_vaults_focal,
          vaults_room_hallway, v_misc_14, v_misc_18,
          ontoclasm_vaults_loading_screen, layout_vaults_omnigrid,
          minmay_crypt_entry_simple_round, uniq_jory
Vaults:4: v_misc_1, v_misc_5, vaults_mumra_hexcomb, nicolae_vaults_triangles,
          nicolae_vaults_what_the_h, nicolae_vaults_little_squares_1, v_misc_18,
          grunt_vaults_hallway_short, ontoclasm_vaults_misaligned,
          vaults_room_pool, vaults_dpeg_encased_lava, layout_vaults_ring
Depths:1: lemuel_castle_with_subvaults [lemuel_castle_interior_carwin_1],
          layout_gridlike, enter_ziggurat_e, pf_vacation_house_of_asmodeus,
          minmay_room_of_horrors, pdpol_wu_jian_five_deadly_venoms, pan_entry,
          nicolae_kite_square_tiling_tiny, kennysheep_minor_cross,
          corexii_corridor_pit, kennysheep_another_room,
          chequers_serial_rivers_small_3, nemelex_lonely_heart_becter

Skill      XL: |  1  2  3  4  5  6  7  8  9 10 11 12 13 14 15 16 17 18 19 20 21 |
---------------+----------------------------------------------------------------+-----
Stealth        | 2 3 4 5 6 8 13 16 | 16.4
Ranged Weapons | 5 6 7 8 9 11 12 14 15 17 18 | 18.9
Dodging        | 6 9 11 14 17 18 19 20 | 20.0
Fighting       | 2 4 5 6 7 9 11 | 11.4
Invocations    | 4 7 10 12 14 16 18 | 18.6
Armour         | 5 8 |  8.2
Shields        | 2 6 9 11 | 11.5
Evocations     | 4 5 |  5.1

Action                   |  1- 3 |  4- 6 |  7- 9 | 10-12 | 13-15 | 16-18 | 19-21 || total
-------------------------+-------+-------+-------+-------+-------+-------+-------++-------
 Fire: Shortbow          |    99 |   188 |   318 |       |       |       |       ||   605
       Arbalest          |       |       |    69 |   635 |  1076 |       |       ||  1780
       Hand crossbow     |       |       |       |       |   203 |  1067 |  1080 ||  2350
  Use: Scroll            |       |       |     6 |     9 |    27 |     5 |     6 ||    53
       Potion            |       |       |       |     1 |     2 |     4 |     6 ||    13
Armor: Robe              |     1 |     4 |     4 |     5 |     9 |     1 |       ||    24
       Swamp dragon scal |       |       |       |       |       |    59 |    32 ||    91
Dodge: Dodged            |    17 |    41 |   100 |   345 |   487 |   666 |   461 ||  2117
Block: Other             |       |    19 |    25 |    76 |   112 |   100 |    73 ||   405
       Reflection        |       |       |    10 |     3 |    23 |     1 |     8 ||    45
